 Dungeon Crawl Stone Soup version 0.31-a0-263-ge8cad7f256 (webtiles) character file.

Game seed: 12365489908657945318

1453 ryw the Ruffian (level 8, -4/41 HPs)
             Began as a Demigod Shapeshifter on July 12, 2023.
             Slain by a water moccasin (8 damage)
             ... on level 8 of the Dungeon on July 13, 2023.
             The game lasted 00:18:15 (7128 turns).

ryw the Ruffian (Demigod Shapeshifter)              Turns: 7128, Time: 00:18:16

Health: -4/41      AC:  4    Str: 24    XL:     8   Next: 23%
Magic:  10/10      EV: 12    Int: 10    God:
Gold:   312        SH:  0    Dex: 14    Spells: 7/7 levels left

rFire   . . .        F - melded +6 shillelagh "Devastator" {shatter}
rCold   . . .        (shield currently unavailable)
rNeg    . . .        g - +0 steam dragon scales
rPois   .            q - +0 hat
rElec   .            z - scarf {repulsion}
rCorr   .            (gloves currently unavailable)
SInv    .            (no boots)
Will    +....        p - amulet of regeneration
Stlth   +            j - +4 ring of protection
HPRegen 1.06/turn    u - ring of willpower
MPRegen 0.12/turn

%: repel missiles
@: lethally poisoned (-4 -> -9), blade hands
A: reduced hp, high MP 1, forlorn, divine attributes
a: Begin Untransformation


You were on level 8 of the Dungeon.
You had blades for hands.
You visited 1 branch of the dungeon, and saw 8 of its levels.

You collected 312 gold pieces.

Inventory:

Hand Weapons
 F - the +6 shillelagh "Devastator" (melded) {shatter}
   (You found it on level 6 of the Dungeon)
Missiles
 f - 4 boomerangs
 v - 4 poisoned darts
Armour
 g - +0 steam dragon scales (worn)
 q - a +0 hat (worn)
 z - a scarf of repulsion (worn)
Jewellery
 j - a +4 ring of protection (left blade hand)
 p - an amulet of regeneration (around neck)
 u - a ring of willpower (right blade hand)
 y - a ring of positive energy
 G - a ring of see invisible
Talismans
 c - a beast talisman
 r - a maw talisman
 A - a blade talisman
Wands
 b - a wand of roots (1) (quivered)
Scrolls
 i - 2 scrolls of noise
 l - a scroll of brand weapon
 o - 2 scrolls of revelation
 w - 3 scrolls of teleportation
 x - a scroll of amnesia
 H - 2 scrolls of identify
 I - 2 scrolls of enchant armour
Potions
 d - 2 potions of might
 e - a potion of berserk rage
 h - 2 potions of enlightenment {unknown}
 k - 2 potions of curing
 m - 2 potions of haste {unknown}
 n - 2 potions of brilliance {unknown}
 t - a potion of resistance {unknown}
 B - 3 potions of attraction {unknown}
 C - 3 potions of mutation {unknown}
 D - a potion of degeneration {unknown}
 E - a potion of heal wounds {unknown}
 J - a potion of magic {unknown}


   Skills:
 + Level 2.8 Fighting
 + Level 1.8 Armour
 - Level 2.0 Dodging
 - Level 7.0 Unarmed Combat
 * Level 5.7 Shapeshifting


You had 7 spell levels left.
You didn't know any spells.
Your spell library contained the following spells:

 Spells                   Type           Power      Damage    Failure   Level
 Sandblast                Erth           0%         2d4       78%         1
 Passwall                 Tmut/Erth      0%         N/A       87%         2
 Stone Arrow              Conj/Erth      0%         3d7       97%         3


Dungeon Overview and Level Annotations

Branches:
Dungeon (8/15)             Temple (0/1) D:5
   Lair: D:8-11

Shops:
D:8 (

Annotations:
D:2 Sigmund
D:4 Dowan, Duvessa, Pikel


Innate Abilities, Weirdness & Mutations

You have blades for hands.
Your maximum health is decreased, since you lack skill for your form.
Your spellcasting is less reliable in this form.
You are incapable of wielding weapons or throwing items.
You have an increased reservoir of magic. (+10% MP)
You shall have no god before yourself.
Your divine heritage dramatically boosts your attributes as you level up.


Message History

You barely miss the water moccasin. The water moccasin bites you.
You closely miss the water moccasin. The water moccasin closely misses you.
You closely miss the water moccasin. The water moccasin bites you.
You are poisoned.
The water moccasin poisons you!
You barely miss the water moccasin.
You feel very sick. The water moccasin bites you. x2
You slice the water moccasin!!
The water moccasin is severely wounded.
You feel sick. The water moccasin closely misses you.
You barely miss the water moccasin.
The water moccasin is severely wounded.
You feel very sick. The water moccasin barely misses you.
You closely miss the water moccasin.
The water moccasin is severely wounded.
You feel sick.
The water moccasin bites you but does no damage.
You miss the water moccasin.
The water moccasin is severely wounded.
You feel sick. The water moccasin bites you!
You are lethally poisoned!
The water moccasin poisons you! The water moccasin barely misses you.
You miss the water moccasin.
The water moccasin is severely wounded.
* * * LOW HITPOINT WARNING * * *
You feel very sick. The water moccasin bites you!
* * * LOW HITPOINT WARNING * * *
You feel better. The water moccasin bites you.
* * * LOW HITPOINT WARNING * * *
You are lethally poisoned!
The water moccasin poisons you!
You closely miss the water moccasin.
The water moccasin is severely wounded.
* * * LOW HITPOINT WARNING * * *
You feel very sick. The water moccasin bites you!
You die...

.........#........
.........#........
.........#......# .
........#......# ..
#......#......#
...##......'......#
...........#......####+#
...........#............
.......@...#............
......S....#....^.......
...........#....#♣......
...$.......#....#.......
...........###'##∩.♣....
...##......#....####....
... #......#.....#......
.. .......#.....#......
#############


You could see a water moccasin.

Vanquished Creatures
  Grinder (D:4)
  A steam dragon (D:7)
  A sky beast (D:7)
  An ogre (D:5)
  3 lemures
  A phantom (D:5)
  A bullfrog (D:5)
  A scorpion (D:5)
  A howler monkey (D:5)
  A jelly (D:6)
  2 orc priests (D:7)
  2 gnoll boudas
  4 hounds
  Ijyb (D:3)
  Terence (D:3)
  5 orc wizards
  A sleepcap (D:6)
  Robin (D:3)
  8 gnolls
  6 adders
  2 white imps (D:6)
  An ufetubus (D:5)
  A worm (D:3)
  14 orcs
  8 ball pythons
  4 endoplasms
  A giant cockroach (D:1)
  15 goblins
  10 hobgoblins
  8 jackals
  4 bats (D:1)
  A frilled lizard (D:3)
  4 kobolds
  8 rats
124 creatures vanquished.

Notes
Turn   | Place    | Note
-------+----------+-------------------------------------------
     0 | D:1      | ryw the Demigod Shapeshifter began the quest for the Orb.
     0 | D:1      | Reached XP level 1. HP: 17/17 MP: 3/3
   207 | D:1      | Reached skill level 2 in Unarmed Combat
   379 | D:1      | Reached XP level 2. HP: 24/24 MP: 4/4
  1138 | D:2      | Noticed Sigmund
  1170 | D:2      | Reached XP level 3. HP: 22/29 MP: 5/5
  1688 | D:3      | Reached skill level 3 in Unarmed Combat
  1752 | D:3      | Noticed Terence
  1759 | D:3      | Killed Terence
  1814 | D:3      | Noticed Ijyb
  1828 | D:3      | Killed Ijyb
  1829 | D:3      | Reached XP level 4. HP: 11/36 MP: 6/6
  2009 | D:3      | Noticed Robin
  2251 | D:3      | Killed Robin
  2252 | D:3      | Reached skill level 4 in Unarmed Combat
  3206 | D:4      | Noticed Pikel
  3206 | D:4      | Noticed a lemure
  3206 | D:4      | Noticed a lemure
  3206 | D:4      | Noticed a lemure
  3258 | D:3      | Killed a lemure
  3334 | D:4      | Noticed Grinder
  3350 | D:4      | Killed Grinder
  3351 | D:4      | Reached XP level 5. HP: 30/41 MP: 7/7
  3351 | D:4      | Reached XP level 6. HP: 35/48 MP: 8/8
  3539 | D:4      | Reached skill level 5 in Unarmed Combat
  4132 | D:4      | Noticed Dowan
  4133 | D:4      | Noticed Duvessa
  4177 | D:5      | Entered Level 5 of the Dungeon
  4754 | D:5      | Reached XP level 7. HP: 55/55 MP: 9/9
  4953 | D:5      | Reached skill level 6 in Unarmed Combat
  5001 | D:5      | Found a staircase to the Ecumenical Temple.
  5196 | D:6      | Reached skill level 5 in Shapeshifting
  5460 | D:6      | Found the +6 shillelagh "Devastator" {shatter}
  6263 | D:7      | Noticed a steam dragon
  6515 | D:7      | Reached skill level 1 in Armour
  6715 | D:7      | Reached XP level 8. HP: 39/62 MP: 10/10
  6793 | D:7      | Reached skill level 7 in Unarmed Combat
  7028 | D:7      | Upgraded the game from 0.31-a0-246-g8cbcc1cb85 to
                  | 0.31-a0-263-ge8cad7f256
  7084 | D:8      | Found Bieb's Weapon Shop.
  7126 | D:8      | HP: 1/41 [water moccasin (8)]
  7128 | D:8      | Slain by a water moccasin

Illustrated notes

Levels and vault maps discovered:
D:1:      eino_arrival_tree_alley, layout_loops_corners, nrook_campfire
D:2:      layout_rooms, basic_ecumenical_altar, serial_curves, eino_curves_02,
          eino_curves_02, basic_altar, uniq_sigmund
D:3:      layout_basic, nicolae_uskayaw_suspiria, minmay_door_square, uniq_ijyb,
          uniq_robin, uniq_terence
D:4:      layout_basic, mainiacjoe_overflow_brackets, lemuel_tele_altar,
          uniq_duvessa, uniq_grinder, uniq_pikel
D:5:      layout_basic, lemuel_doored_altar, minmay_temple_entry_water_ring
D:6:      layout_basic
D:7:      layout_rooms, nicolae_overflow_hidden_temple
D:8:      layout_gridville, serial_shops, nicolae_shop_pleasant_corner_grove

Skill      XL: |  1  2  3  4  5  6  7  8 |
---------------+-------------------------+-----
Unarmed Combat | 2 3 4 5 6 7 |  7.0
Dodging        | 2 |  2.0
Fighting       | 2 |  2.8
Shapeshifting  | 3 4 5 |  5.7
Armour         | 1 |  1.8

Action                     |  1- 3 |  4- 6 |  7- 9 || total
---------------------------+-------+-------+-------++-------
  Melee: Unarmed           |   102 |   148 |   121 ||   371
         Punch             |     4 |     2 |     1 ||     7
         Shillelagh        |       |       |     5 ||     5
  Throw: Dart              |       |     5 |       ||     5
  Evoke: Wand              |       |     1 |       ||     1
    Use: Potion            |     1 |       |     1 ||     2
         Scroll            |       |    10 |     5 ||    15
   Stab: Sleeping          |     1 |     1 |       ||     2
 Armour: Animal skin       |    24 |    43 |    14 ||    81
         Skin              |     8 |       |       ||     8
         Scale mail        |       |       |    24 ||    24
         Steam dragon scal |       |       |     2 ||     2
  Dodge: Dodged            |    52 |    84 |    67 ||   203
         Repelled          |       |       |     2 ||     2
         Form:             |     2 |       |     1 ||     3
         Beast             |     2 |       |       ||     2
         Blade             |       |       |     1 ||     1

Table legend: (Time is in decaauts)
 A = Elapsed time spent in this place.
 B = Non-inter-level travel time spent in this place.
 C = Inter-level travel time spent in this place.
 D = Time resting spent in this place.
 E = Time spent auto-exploring this place.
 F = Levels seen in this place.
 G = Mean time per level.
                   A        B        C        D        E       F      G
               +--------+--------+--------+--------+--------+-----+--------+
         Total |   7111 |   6724 |    387 |    868 |   4599 |   8 |  888.9 |
       Dungeon |   7111 |   6724 |    387 |    868 |   4599 |   8 |  888.9 |
               +--------+--------+--------+--------+--------+-----+--------+

Top non-repeatable levels by time:
     D:3: 1476 daAuts
     D:6: 1201 daAuts
     D:4: 1091 daAuts
     D:1: 989 daAuts
     D:5: 878 daAuts
     D:2: 734 daAuts
     D:7: 658 daAuts
     D:8: 81 daAuts
